 Dungeon Crawl Stone Soup version 0.31.0-1-g2c135a0 (webtiles) character file.

Game seed: 15855371215838694246

168767 brinewave the Tortoise (level 17, -14/166 HPs)
             Began as a Minotaur Berserker on Jan 23, 2024.
             Was a High Priest of Trog.
             Demolished by an alligator snapping turtle (31 damage)
             ... on level 4 of the Shoals.
             The game lasted 01:46:16 (32418 turns).

brinewave the Tortoise (Minotaur Berserker)        Turns: 32418, Time: 01:46:17

Health: -14/166    AC: 33    Str: 47    XL:     17   Next: 34%
Magic:  16/16      EV: 15    Int:  4    God:    Trog [*****.]
Gold:   1586       SH: 10    Dex: 10    Spells: 16/16 levels left

rFire   . . .        N - +9 war axe of Majoluir {heavy, Stlth+}
rCold   . . .        B - +3 buckler {reflect}
rNeg    . . .        M - +8 chain mail of the Tormentor {Fly Will+ Str+5}
rPois   .            (helmet restricted)
rElec   .            D - +1 cloak {Will+}
rCorr   .            i - +2 pair of gloves
SInv    .            a - +2 pair of boots
Will    +++++        (no amulet) Stlth
                     V - +6 ring of strength
HPRegen 1.47/turn    j - +6 ring of strength
MPRegen 0.15/turn

%: reflection
@: strong-willed, flying, regenerating
A: horns 2, retaliatory headbutt
a: Renounce Religion, Berserk, Trog's Hand, Brothers in Arms


You were on level 4 of the Shoals.
You worshipped Trog.
Trog was extremely pleased with you.
You visited 6 branches of the dungeon, and saw 29 of its levels.
You visited 1 bazaar.
You also visited: Sewer.

You collected 3402 gold pieces.
You spent 1816 gold pieces at shops.

Inventory:

Hand Weapons
 N - the +9 war axe of Majoluir (weapon) {heavy, Stlth+}
   (Trog gifted it to you on level 14 of the Dungeon)

   Stlth+:    It makes you more stealthy.
 Q - the +4 broad axe "Inat" {flame, rF+ Str+3}
   (You found it on level 3 of the Shoals)

   Str+3:     It affects your strength (+3).
   rF+:       It protects you from fire.
 W - the +9 war axe of Ytto {elec, Dex+3 Stlth+}
   (You took it off a merfolk javelineer on level 4 of the Shoals)

   Dex+3:     It affects your dexterity (+3).
   Stlth+:    It makes you more stealthy.
Missiles
 f - a curare-tipped dart
 g - an atropa-tipped dart
 p - 5 throwing nets
 y - 55 boomerangs (quivered)
 I - 8 javelins
 U - 4 silver javelins
Armour
 a - a +2 pair of boots (worn)
 i - a +2 pair of gloves (worn)
 B - a +3 buckler of reflection (worn)
 D - a +1 cloak of willpower (worn)
 M - the +8 chain mail of the Tormentor (worn) {Fly Will+ Str+5}
   (You found it on level 2 of the Lair of Beasts)

   Str+5:     It affects your strength (+5).
   Will+:     It increases your willpower.
   Fly:       It grants you flight.
Jewellery
 h - a ring of willpower
 j - a +6 ring of strength (right hand)
 k - a ring of flight
 r - a ring of positive energy
 G - a ring of poison resistance
 H - a ring of protection from cold
 V - a +6 ring of strength (left hand)
Wands
 F - a wand of charming (21)
 J - a wand of iceblast (8)
 K - a wand of polymorph (10)
 L - a wand of flame (24)
Scrolls
 d - 4 scrolls of poison
 e - 2 scrolls of brand weapon
 n - 6 scrolls of teleportation
 q - 5 scrolls of fog
 s - 2 scrolls of butterflies
 u - 8 scrolls of identify
 v - 4 scrolls of revelation
 w - 4 scrolls of immolation
 C - a scroll of silence
 P - 2 scrolls of fear
 T - a scroll of torment
Potions
 b - 16 potions of curing
 c - 4 potions of resistance
 l - 7 potions of might
 o - 7 potions of haste
 t - 6 potions of mutation
 x - 3 potions of cancellation
 z - 6 potions of heal wounds
 A - 4 potions of invisibility
 E - 4 potions of berserk rage
 O - 2 potions of enlightenment
 R - a potion of ambrosia
 S - a potion of lignification


   Skills:
 + Level 18.3 Fighting
 + Level 18.9 Axes
 + Level 1.3 Throwing
 + Level 19.7 Armour
 + Level 14.4 Dodging
 - Level 1.8 Stealth
 * Level 12.6 Shields


You had 16 spell levels left.
You didn't know any spells.
Your spell library was empty.

Dungeon Overview and Level Annotations

Branches:
Dungeon (15/15)            Temple (1/1) D:5            Lair (5/5) D:8
 Shoals (4/4) Lair:2        Snake (0/4) Lair:2        Slime (2/5) Lair:4
    Orc (2/2) D:12            Elf (0/3) Orc:2        Vaults (0/5) D:14
 Depths (0/4) D:15          Sewer (visited)

Altars:
Ashenzari
Cheibriados
Dithmenos
Elyvilon
Fedhas
Gozag
Hepliaklqana
Kikubaaqudgha
Makhleb
Nemelex Xobeh
Okawaru
Qazlal
Ru
Sif Muna
Trog
Uskayaw
Vehumet
Wu Jian
Xom
Yredelemnul
Zin
The Shining One

Shops:
D:7 [   D:9 *   D:12 (   Orc:2 !![!   Shoals:1 *

Annotations:
Shoals:4 2 transporters, Ozzieoiler's ghost, adept FoFi
Slime:2 Dissolution


Innate Abilities, Weirdness & Mutations

You have a pair of horns on your head.
You reflexively headbutt those who attack you in melee.


Message History

The merfolk impaler hits you from afar with a +0 trident.
* * * LOW HITPOINT WARNING * * *
You block the merfolk impaler's attack.
The merfolk impaler hits you with a +0 trident!
* * * LOW HITPOINT WARNING * * *
You chop the merfolk impaler into pieces!!!!
The merfolk impaler is almost dead.
The merfolk impaler misses you. You furiously retaliate!
You headbutt the merfolk impaler. The merfolk impaler barely misses you.
You closely miss the merfolk impaler.
Your headbutt misses the merfolk impaler.
The merfolk impaler is almost dead.
The merfolk impaler hits you but does no damage.
The merfolk impaler misses you.
You barely miss the merfolk impaler.
Your headbutt misses the merfolk impaler.
The merfolk impaler is almost dead.
You block the merfolk impaler's attack.
The merfolk impaler hits you but does no damage.
You chop the merfolk impaler into pieces!!!!
You kill the merfolk impaler!
Trog accepts your kill.
You hear a splash. x2
The alligator snapping turtle bites you but does no damage.
The alligator snapping turtle closely misses you.
You furiously retaliate!
You headbutt the alligator snapping turtle!
You slash the alligator snapping turtle!
Your headbutt misses the alligator snapping turtle.
The alligator snapping turtle is lightly wounded.
You carve the alligator snapping turtle like a ham!!!
You headbutt the alligator snapping turtle.
The alligator snapping turtle is heavily wounded.
The alligator snapping turtle bites you!
* * * LOW HITPOINT WARNING * * *
You slice the alligator snapping turtle!!
You headbutt the alligator snapping turtle, but do no damage.
The alligator snapping turtle is severely wounded.
The alligator snapping turtle bites you!!
You die...

~≈≈≈≈≈≈≈≈≈≈≈≈~~....~~~~~#≈~~#≈~~.
~~~~~~~†~≈≈≈≈P~~...~~~~~#≈~≈≈≈≈[#
~~~~.....~PP~P...~~..~~~#≈.≈##≈≈.
~~~.....PPPPP###.~~~...~#≈..≈#≈#~
~~.......P#### #..~~~~~~#≈#).≈≈.~
~.........# ##.~~~~~~##≈#....~
~.........######..~~.~~~~##≈≈≈≈≈#
~.).m............~~...~~..#######
~t.#######..~~.t@~~........ ..
~.##≈≈ ##~~~~~)~~.~...... ...
~##~.. ##~~~~#######.... ...
~#~.. #≈≈≈## . . ... ~#..# #
#≈≈## ..~ ~#m~ ≈##≈, #≈≈#
#~.~~~~~~ ~#~#~≈≈≈≈ #≈≈#
#~~~~~~~~ m#~mm~≈# #≈≈#
≈##≈≈~~#~~~~~~~~ )$#m~ ##≈≈#
≈≈≈≈~~~#~~~~~~~≈


You could see an alligator snapping turtle.

Vanquished Creatures
  A kraken (Shoals:3)
  Ilsuiw (Shoals:2)
  A deep elf sorcerer (Shoals:1)
  2 elemental wellsprings (Shoals:3)
  A deep elf annihilator (Shoals:1)
  A quicksilver dragon zombie (D:15)
  5 merfolk impalers
  4 merfolk javelineers
  8 hydras
  Harold (D:10)
  4 catoblepae
  2 ogre magi (Orc:2)
  A vault guard (D:14)
  3 boulder beetles
  3 alligator snapping turtles
  2 merfolk aquamancers (Shoals:4)
  15 two-headed ogres
  4 merfolk avatars
  A death knight (D:15)
  3 centaur warriors
  A sphinx skeleton (D:15)
  An occultist (D:13)
  A satyr (Shoals:3)
  2 death yaks
  2 tengu warriors
  A vampire mage (D:15)
  The ghost of chequers the Basher, a novice MiFi of Makhleb (D:9)
  A deep elf knight (Shoals:1)
  3 skysharks
  9 skeletal warriors
  9 sea snakes
  A spark wasp zombie (D:15)
  2 deep trolls (Orc:2)
  A glowing orange brain (D:14)
  An obsidian statue (D:9)
  An arcanist (D:14)
  6 harpies
  A phantasmal warrior (D:15)
  3 necromancers
  2 deep elf archers (Shoals:1)
  3 deep elf pyromancers
  A lindwurm (Lair:4)
  6 cyclopes
  5 ugly things (D:14)
  An orc sorcerer (Orc:1)
  16 manticores
  9 fauns
  4 kobold blastminers (Orc:1)
  2 vault sentinels (D:9)
  14 elephants
  A moth of wrath (shapeshifter) (D:14)
  8 water nymphs
  3 black mambas
  Joseph (D:8)
  2 gargoyles (D:14)
  10 merfolk sirens
  A torpor snail (Lair:3)
  A kobold demonologist (D:11)
  16 cane toads
  An efreet (D:15)
  11 komodo dragons
  A freezing wraith (D:15)
  29 merfolk
  7 wind drakes
  5 polar bears (Lair:5)
  13 trolls
  Prince Ribbit (D:8)
  6 hornets
  27 blink frogs
  8 snapping turtles
  9 dream sheep
  Sigmund (D:2)
  A centaur simulacrum (D:15)
  4 slime creatures (D:12)
  5 water elementals
  7 wyverns
  16 spriggans (Lair:5)
  A wraith (D:15)
  3 basilisks
  2 vampires
  4 wargs
  A steam dragon (D:8)
  35 yaks
  15 vampire mosquitoes
  An acid dragon (D:12)
  3 nagas (Lair:2)
  14 water moccasins
  7 black bears
  17 orc warriors
  An ice beast (D:6)
  5 sky beasts
  6 laughing skulls
  19 ogres (Orc:2)
  48 wolves
  3 boggarts (Lair:5)
  7 centaurs
  3 phantoms
  A kobold brigand (D:11)
  A bullfrog (shapeshifter) (D:14)
  7 scorpions
  21 bullfrogs
  A wyvern zombie (D:5)
  17 wights
  3 killer bees (D:8)
  5 howler monkeys
  4 electric eels
  A bombardier beetle (D:4)
  A bullfrog zombie (D:5)
  2 hounds
  10 orc priests
  2 iguanas
  6 jellies
  A bullfrog skeleton (D:5)
  16 orc wizards
  A scorpion zombie (D:5)
  Natasha (thrice) (D:2)
  6 hell rats (Lair:4)
  A hound zombie (D:5)
  A hound skeleton (D:5)
  A howler monkey zombie (D:5)
  4 gnolls (D:3)
  A howler monkey skeleton (D:5)
  14 adders
  3 river rats (Sewer)
  3 shadow imps
  3 white imps
  3 ufetubi (D:6)
  An adder zombie (D:5)
  3 dart slugs
  A ribbon worm (D:4)
  51 orcs
  8 ball pythons
  7 bats
  14 endoplasms
  9 giant cockroaches
  4 goblins
  6 hobgoblins
  6 jackals
  14 kobolds
  9 quokkas
  3 training dummies (D:12)
  7 frilled lizards
  10 rats
  3 tentacles (Shoals:3)
862 creatures vanquished.

Vanquished Creatures (collateral kills)
  Polyphemus (Shoals:2)
  A merfolk javelineer (Shoals:4)
  A merfolk impaler (Shoals:3)
  5 hydras
  7 death yaks
  A sea snake (Shoals:3)
  A lindwurm (Lair:5)
  An orc sorcerer (Orc:1)
  3 elephants (Lair:1)
  2 manticores
  2 water nymphs (Shoals:3)
  Psyche (D:8)
  A komodo dragon (Lair:3)
  2 merfolk (Shoals:3)
  6 yaks (Lair:5)
  A water moccasin (Lair:4)
  An orc warrior (Orc:1)
37 creatures vanquished.

Vanquished Creatures (others)
  A water elemental (D:14)
  A steam dragon (D:8)
  A bullfrog (D:8)
  A hound (D:6)
  An orc wizard (D:8)
  An orc (Orc:1)
  12 tentacles (Shoals:3)
18 creatures vanquished.

Grand Total: 917 creatures vanquished

Notes
Turn   | Place    | Note
-------+----------+-------------------------------------------
     0 | D:1      | brinewave the Minotaur Berserker began the quest for the
                  | Orb.
     0 | D:1      | Reached XP level 1. HP: 19/19 MP: 0/0
   108 | D:1      | Reached XP level 2. HP: 27/27 MP: 1/1
   364 | D:1      | Reached ** piety under Trog
   457 | D:1      | Reached XP level 3. HP: 23/33 MP: 2/2
   783 | D:2      | Noticed Sigmund
   805 | D:2      | Killed Sigmund
   806 | D:2      | Reached skill level 5 in Fighting
   806 | D:2      | Reached skill level 5 in Axes
   806 | D:2      | Reached skill level 3 in Armour
   806 | D:2      | Reached XP level 4. HP: 42/42 MP: 3/3
   806 | D:2      | Reached XP level 5. HP: 48/48 MP: 4/4
  1013 | D:2      | Noticed Natasha
  1019 | D:2      | Killed Natasha
  1543 | D:2      | Noticed Natasha
  1550 | D:2      | Killed Natasha
  1551 | D:2      | Reached XP level 6. HP: 48/56 MP: 5/5
  1895 | D:2      | Noticed Natasha
  1900 | D:2      | Killed Natasha
  2156 | D:3      | Found a shadowy altar of Dithmenos.
  2439 | D:3      | Found a radiant altar of Vehumet.
  2572 | D:4      | Reached *** piety under Trog
  2588 | D:4      | Reached skill level 4 in Armour
  2609 | D:4      | Found a glowing golden altar of the Shining One.
  2705 | D:4      | Reached XP level 7. HP: 54/63 MP: 6/6
  2791 | D:4      | Found a white marble altar of Elyvilon.
  2834 | D:4      | Reached skill level 5 in Armour
  2886 | D:4      | Found an opulent altar of Gozag.
  2886 | D:4      | Found a glowing silver altar of Zin.
  3388 | D:5      | Entered Level 5 of the Dungeon
  3609 | D:5      | Found a staircase to the Ecumenical Temple.
  3619 | Temple   | Entered the Ecumenical Temple
  3650 | D:5      | Found a sparkling altar of Nemelex Xobeh.
  3662 | D:5      | Reached skill level 6 in Armour
  3662 | D:5      | Reached skill level 1 in Stealth
  3730 | D:5      | Reached XP level 8. HP: 23/73 MP: 7/7
  4022 | D:5      | Found an ornate altar of the Wu Jian Council.
  4585 | D:6      | Reached skill level 7 in Armour
  4591 | D:6      | Found a shimmering altar of Xom.
  4614 | D:6      | Reached skill level 8 in Armour
  4673 | D:6      | Found a glowing drain.
  4690 | Sewer    | Entered a sewer
  4729 | Sewer    | Reached **** piety under Trog
  4882 | Sewer    | Found a viscous altar of Jiyva.
  5148 | D:6      | Found a shimmering blue altar of Sif Muna.
  5285 | D:6      | Found a broken altar of Ashenzari.
  5316 | D:6      | Reached skill level 9 in Armour
  5525 | D:6      | Reached XP level 9. HP: 33/82 MP: 8/8
  5681 | D:6      | Noticed a two-headed ogre
  5698 | D:6      | HP: 5/123 [two-headed ogre/+0 giant spiked club (13)]
  5699 | D:6      | Killed a two-headed ogre
  5700 | D:6      | Reached skill level 10 in Armour
  5700 | D:6      | Reached skill level 5 in Dodging
  6004 | D:7      | Reached skill level 11 in Armour
  6123 | D:7      | Found Noboach's Armour Shop.
  6133 | D:7      | Bought a +0 pair of gloves for 67 gold pieces
  6152 | D:7      | Reached skill level 10 in Fighting
  6587 | D:7      | Found a bloodstained altar of Trog.
  6587 | D:7      | Found an ancient bone altar of Kikubaaqudgha.
  6611 | D:7      | Reached XP level 10. HP: 93/94 MP: 9/9
  6845 | D:7      | Reached skill level 12 in Armour
  6862 | D:7      | Found an iron altar of Okawaru.
  7126 | D:8      | Noticed Joseph
  7140 | D:8      | Killed Joseph
  7460 | D:8      | Reached skill level 13 in Armour
  7611 | D:8      | Found a staircase to the Lair.
  7924 | D:8      | Noticed Psyche
  7943 | D:8      | Killed Psyche
  8200 | D:8      | Found a blossoming altar of Fedhas.
  8272 | D:8      | Noticed Prince Ribbit
  8279 | D:8      | Killed Prince Ribbit
  8619 | D:9      | Reached skill level 14 in Armour
  8941 | D:9      | Found a snail-covered altar of Cheibriados.
  8970 | D:9      | Found a runed translucent gate.
  8970 | D:9      | Found a runed translucent gate.
  8970 | D:9      | Found a runed translucent gate.
  8971 | D:9      | Found an opulent altar of Gozag.
  8972 | D:9      | Found Piacops's Assorted Antiques.
  8972 | D:9      | Noticed a deep elf pyromancer
  8972 | D:9      | Noticed chequers's ghost (novice MiFi)
  8972 | D:9      | Noticed an obsidian statue
  9069 | D:9      | Noticed a vault sentinel
  9069 | D:9      | Noticed a vault sentinel
  9100 | D:9      | Killed a vault sentinel
  9104 | D:9      | Killed a vault sentinel
  9105 | D:9      | Reached XP level 11. HP: 104/104 MP: 10/10
  9249 | D:9      | Found the +18 shield of the Gong {Loud rN+ Will+ rCorr
                  | EV-5}
  9268 | D:9      | Noticed a two-headed ogre
  9272 | D:9      | Killed a two-headed ogre
  9496 | Lair:1   | Entered Level 1 of the Lair of Beasts
  9912 | Lair:1   | Found a shadowy altar of Dithmenos.
 10098 | Lair:1   | Reached skill level 15 in Armour
 10193 | Lair:1   | HP: 4/106 [blink frog (11)]
 10836 | Lair:2   | Noticed a skyshark
 10848 | Lair:2   | Killed a skyshark
 10976 | Lair:2   | Identified the +8 chain mail of the Tormentor {Fly Will+
                  | Str+5}
 10994 | Lair:2   | Noticed a harpy
 10997 | Lair:2   | Killed a harpy
 10998 | Lair:2   | Reached XP level 12. HP: 115/115 MP: 11/11
 11001 | Lair:2   | Found a staircase to the Shoals.
 11451 | Lair:2   | Reached skill level 10 in Axes
 11451 | Lair:2   | Reached ***** piety under Trog
 11696 | Lair:2   | Noticed a catoblepas
 11705 | Lair:2   | Killed a catoblepas
 11872 | Lair:2   | Noticed a six-headed hydra
 11881 | Lair:2   | Killed a six-headed hydra
 12198 | Lair:2   | Found a staircase to the Snake Pit.
 12688 | Lair:3   | Noticed a seven-headed hydra
 12711 | Lair:3   | Killed a seven-headed hydra
 12994 | Lair:3   | Reached skill level 16 in Armour
 13254 | Lair:3   | Reached XP level 13. HP: 79/125 MP: 12/12
 13684 | Lair:3   | Reached skill level 10 in Dodging
 14834 | Lair:4   | Found a staircase to the Slime Pits.
 14948 | Slime:1  | Entered Level 1 of the Pits of Slime
 14952 | Slime:2  | Noticed Dissolution
 14952 | Slime:2  | Noticed an acid blob
 15363 | Lair:4   | Reached skill level 15 in Fighting
 15644 | Lair:5   | Entered Level 5 of the Lair of Beasts
 15897 | Lair:5   | Reached skill level 17 in Armour
 15923 | Lair:5   | Reached XP level 14. HP: 105/135 MP: 13/13
 16765 | Lair:5   | Reached skill level 1 in Shields
 16781 | Lair:5   | Reached skill level 15 in Axes
 18402 | D:9      | Killed chequers's ghost
 18601 | D:9      | Bought a scroll of identify for 62 gold pieces
 18606 | D:9      | Bought a runed war axe for 201 gold pieces
 18628 | D:10     | Entered Level 10 of the Dungeon
 19193 | D:10     | You are sucked into a shaft and drop 1 floor!
 19457 | D:11     | Noticed Harold
 19494 | D:10     | Killed Harold
 19754 | D:12     | Found a staircase to the Orcish Mines.
 19784 | D:12     | Found a flickering gateway to a bazaar.
 19793 | Bazaar   | Entered a bazaar
 19793 | Bazaar   | Found Yrucran's Jewellery Emporium.
 19807 | Bazaar   | Found Orhath's Antique Armour Emporium.
 19823 | Bazaar   | Found Fopegah's Distillery.
 19847 | Bazaar   | Found Pacrugea's Antique Weapon Boutique.
 19855 | Bazaar   | Found Xuynir Sees's General Store.
 19887 | Bazaar   | Bought a scroll of identify for 38 gold pieces
 19907 | Bazaar   | Bought a +6 ring of strength for 612 gold pieces
 19920 | Bazaar   | Bought a potion of might for 76 gold pieces
 19920 | Bazaar   | Bought a potion of curing for 57 gold pieces
 19920 | Bazaar   | Bought a potion of curing for 57 gold pieces
 20283 | D:12     | Found Qiecyp's Firing Range.
 20303 | D:12     | Reached ****** piety under Trog
 20697 | Orc:1    | Entered Level 1 of the Orcish Mines
 20711 | D:12     | Received a gift from Trog
 21147 | Orc:2    | Entered Level 2 of the Orcish Mines
 21319 | Orc:2    | Reached XP level 15. HP: 88/145 MP: 14/14
 21323 | Orc:2    | Reached skill level 18 in Armour
 21327 | Orc:2    | Reached skill level 5 in Shields
 21553 | Orc:2    | Found a staircase to the Elven Halls.
 21617 | Orc:2    | Received a gift from Trog
 21729 | Orc:2    | Found Vongaynem's Antique Armour Shop.
 21730 | Orc:2    | Found Woqonimp's Distillery.
 21734 | Orc:2    | Found Naavopni's Distillery.
 21736 | Orc:2    | Bought a potion of curing for 39 gold pieces
 21736 | Orc:2    | Bought 2 potions of curing for 78 gold pieces
 21736 | Orc:2    | Bought a potion of curing for 39 gold pieces
 21741 | Orc:2    | Bought a glowing cloak for 195 gold pieces
 21748 | Orc:2    | Found Guricsal's Distillery.
 21791 | Orc:2    | Bought a potion of heal wounds for 75 gold pieces
 21791 | Orc:2    | Bought a potion of might for 60 gold pieces
 23299 | D:14     | Found a gate to the Vaults.
 24416 | D:14     | Identified the +9 war axe of Majoluir {heavy, Stlth+} (Trog
                  | gifted it to you on level 14 of the Dungeon)
 24416 | D:14     | Received a gift from Trog
 25069 | D:15     | Entered Level 15 of the Dungeon
 25252 | D:15     | Found a staircase to the Depths.
 25271 | D:15     | Reached XP level 16. HP: 131/154 MP: 15/15
 26094 | Shoals:1 | Entered Level 1 of the Shoals
 26485 | Shoals:1 | Found Ahix's Assorted Antiques.
 26493 | Shoals:1 | Bought a twisted wooden ring for 160 gold pieces
 26666 | Shoals:1 | Found the +7 captain's cutlass {speed, disarm}
 27016 | Shoals:2 | Received a gift from Trog
 27142 | Shoals:2 | Reached skill level 19 in Armour
 27329 | Shoals:2 | Noticed Polyphemus
 27344 | Shoals:2 | Reached skill level 10 in Shields
 27350 | Shoals:2 | Killed Polyphemus
 27929 | Shoals:2 | Noticed Ilsuiw
 27974 | Shoals:2 | Killed Ilsuiw
 28644 | Shoals:3 | Noticed a kraken
 28675 | Shoals:3 | Killed a kraken
 29016 | Shoals:3 | Received a gift from Trog
 29924 | Shoals:3 | Reached XP level 17. HP: 47/163 MP: 16/16
 30612 | Shoals:3 | Identified a scroll of acquirement
 30622 | Shoals:3 | Acquired 617 gold pieces
 30989 | Shoals:3 | Identified the +4 broad axe "Inat" {flame, rF+ Str+3}
 31033 | Shoals:4 | Entered Level 4 of the Shoals
 31071 | Shoals:4 | Noticed Ozzieoiler's ghost (adept FoFi)
 31072 | Shoals:4 | Found a transporter.
 31079 | Shoals:4 | Found a transporter.
 31560 | Shoals:4 | Identified the +9 war axe of Ytto {elec, Dex+3 Stlth+}
 32380 | Shoals:4 | Reached skill level 1 in Throwing
 32418 | Shoals:4 | Demolished by an alligator snapping turtle

Illustrated notes

Levels and vault maps discovered:
D:1:      beargit_arrival_greenhouse, layout_rooms
D:2:      kb_forest_paths, layout_basic, chequers_serial_rivers_large_b,
          uniq_natasha, uniq_sigmund
D:3:      layout_rooms, nicolae_dithmenos_the_darkroom,
          mainiacjoe_overflow_alcove_2
D:4:      layout_loops_ring, grunt_temple_overflow_gold_and_silver,
          overflow_temple_1_default, elyvilon_altar_1
D:5:      layout_loops_ring, nzn_wu_jian_contemplation,
          nicolae_overflow_crystal_walls, minmay_temple_entry_offerings,
          serial_undead, serial_undead_b, serial_undead_a, serial_undead_d,
          serial_undead_b, serial_undead_c, st_stairs_14
D:6:      minmay_chambers_of_threes, layout_rooms,
          mainiacjoe_overflow_tiny_flanked, nicolae_ashenzari_panopticon,
          xom_confusion_cloud, portal_sewer_entry_f
D:7:      layout_basic, mainiacjoe_overflow_chevrons,
          nicolae_overflow_two_pavilions, serial_shops, shop,
          amcnicky_mini_corridor_feature
D:8:      layout_loops_ring, mainiacjoe_overflow_concentric_impassable,
          grunt_lair_entry_orc_guard_hut, uniq_psyche, uniq_prince_ribbit1,
          uniq_joseph
D:9:      layout_cave_pools, mainiacjoe_overflow_paths, ebering_ghost_gozag,
          hellmonk_guarded_unrand_gong
D:10:     layout_basic
D:11:     layout_big_octagon, uniq_harold
D:12:     layout_gridville, david_orc_2, serial_shops, bzr_entry_islet,
          nicolae_shop_firing_range
D:13:     layout_cave_pods, serial_library_regret_index_headful
D:14:     kennysheep_windowed_halls, layout_basic,
          hellmonk_vaults_order_and_chaos, kennysheep_another_room
D:15:     gammafunk_depths_entry_grave, layout_basic
Temple:   hellmonk_temple_micro_hex
Lair:1:   layout_cave_pods, basic_altar
Lair:2:   layout_cave_shapes, nicolae_shoals_entry_roost,
          nicolae_snake_entry_squirm, st_stairs_8
Lair:3:   layout_gridlike, grunt_megastairs_3, serial_bayou_shore_a,
          infiniplex_staircase_pool_2
Lair:4:   layout_cave_shapes, dpeg_slime_entry_enclosed, st_stairs_10
Lair:5:   minmay_lair_end_enchanted_forest, layout_loops_ring,
          grunt_megastairs_5
Shoals:1: nicolae_shoals_deep_elves_summer_vacation, layout_shoals,
          serial_shops, shop
Shoals:2: layout_shoals, nicolae_shoals_former_cling_halls, uniq_ilsuiw,
          uniq_polyphemus
Shoals:3: layout_shoals, nicolae_shoals_spring_well_temple
Shoals:4: shoals_end_hangedman, layout_shoals, ebering_ghost_davey_jones
Slime:1:  layout_caves
Slime:2:  layout_caves, dissolution_awaits
Orc:1:    layout_caves
Orc:2:    st_orc_open, layout_diamond_mine

Skill      XL: |  1  2  3  4  5  6  7  8  9 10 11 12 13 14 15 16 17 |
---------------+----------------------------------------------------+-----
Fighting       | 4 5 6 7 8 10 11 13 14 15 16 17 18 | 18.3
Axes           | 4 5 6 7 9 12 14 16 17 18 | 18.9
Armour         | 3 4 6 9 11 14 15 16 17 18 19 | 19.7
Dodging        | 3 4 5 6 8 9 11 12 13 14 | 14.4
Stealth        | 1 |  1.8
Shields        | 4 8 11 12 | 12.6
Throwing       | 1 |  1.3

Action                     |  1- 3 |  4- 6 |  7- 9 | 10-12 | 13-15 | 16-18 || total
---------------------------+-------+-------+-------+-------+-------+-------++-------
  Melee: Hand axe          |    43 |       |       |   106 |   645 |       ||   794
         Headbutt          |     8 |    12 |    33 |    80 |   244 |    91 ||   468
         Halberd           |       |    81 |   250 |   272 |       |       ||   603
         Dagger            |       |       |       |    19 |     3 |       ||    22
         Punch             |       |       |       |     3 |     4 |       ||     7
         War axe           |       |       |       |       |   420 |   353 ||   773
         Broad axe         |       |       |       |       |       |    50 ||    50
  Throw: Dart              |       |       |       |     2 |       |       ||     2
         Javelin           |       |       |       |       |       |     1 ||     1
 Invoke: Berserk           |     1 |       |     1 |     4 |     2 |     2 ||    10
         Trog's Hand       |       |       |     3 |     3 |     1 |     2 ||     9
         Brothers in Arms  |       |       |       |     5 |     6 |     7 ||    18
    Use: Scroll            |       |     6 |     4 |     3 |    17 |     7 ||    37
         Potion            |       |       |     1 |     2 |       |     1 ||     4
   Stab: Distracted        |       |       |       |     1 |       |       ||     1
         Petrified         |       |       |       |       |     2 |       ||     2
         Held in net/web   |       |       |       |       |       |     1 ||     1
 Armour: Scale mail        |    13 |       |       |       |       |       ||    13
         Animal skin       |     1 |       |       |       |       |       ||     1
         Chain mail        |     3 |   103 |   277 |   244 |   915 |   404 ||  1946
         Plate armour      |       |       |   128 |   312 |       |       ||   440
  Dodge: Dodged            |    20 |    60 |   211 |   308 |   670 |   237 ||  1506
  Block: Buckler           |       |       |       |       |   256 |   182 ||   438
         Kite shield       |       |       |       |       |    30 |       ||    30
         Reflection        |       |       |       |       |    21 |    24 ||    45
